[Event "GER-ch Youth-U12 2022"]
[Site "Willingen"]
[Date "2022.06.09"]
[Round "7.9"]
[White "Skembris, Simon Max"]
[Black "Blodig, Vincent"]
[Result "1-0"]
[ECO "B45"]
[WhiteElo "1413"]
[BlackElo "1461"]
[Annotator "NA RC COMBH"]
[PlyCount "63"]
[EventDate "2022.06.05"]
[EventType "swiss"]
[EventRounds "9"]
[EventCountry "GER"]
[SourceTitle "playchess.com"]
[Source "ChessBase"]
[SourceQuality "1"]
[TimeControl "40/4500+30:900+30"]

1. e4 c5 2. Nf3 e6 3. d4 cxd4 4. Nxd4 Nf6 5. Nc3 Nc6 6. Ndb5 Bb4 7. a3 Bxc3+ 8. Nxc3 d5 9. exd5 exd5 10. Bd3 O-O 11. O-O Bg4 12. f3 Bh5 13. Bg5 Qb6+ 14. Kh1 Ne4 15. Nxe4 dxe4 16. Bxe4 Qxb2 17. Re1 Bg6 18. Rb1 Qc3 19. Bxg6 hxg6 20. Rxb7 Rfe8 21. Rg1 Nd4 22. Qd3 Rec8 23. Qxc3 Rxc3 24. Rd1 Ne6 25. h4 f6 26. Rd6 Nd8 27. Rxg7+ Kf8 28. Bxf6 Rxa3 29. Rh7 a5 30. Rdd7 Nf7 31. Rdxf7+ Ke8 32. Re7+ 1-0

[Event "GER-ch Youth-U12 2022"]
[Site "Willingen"]
[Date "2022.06.09"]
[Round "7.10"]
[White "Bangert, Jonas"]
[Black "Zhuikov, Edgard"]
[Result "0-1"]
[ECO "A57"]
[WhiteElo "1483"]
[BlackElo "1892"]
[Annotator "NA RC COMBH"]
[PlyCount "72"]
[EventDate "2022.06.05"]
[EventType "swiss"]
[EventRounds "9"]
[EventCountry "GER"]
[SourceTitle "playchess.com"]
[Source "ChessBase"]
[SourceQuality "1"]
[TimeControl "40/4500+30:900+30"]

1. d4 Nf6 2. c4 c5 3. d5 b5 4. cxb5 a6 5. f3 axb5 6. e4 d6 7. Bxb5+ Bd7 8. Bc4 g6 9. Ne2 Bg7 10. O-O O-O 11. Nec3 Qb6 12. a4 Na6 13. b3 Nb4 14. Bd2 Rfb8 15. Na3 Ne8 16. Rb1 Nc7 17. Kh1 Nba6 18. Qe2 Ra7 19. Rfd1 Bc8 20. Qe1 Nb4 21. Rbc1 Ba6 22. Bxa6 Qxa6 23. Ncb5 Nxb5 24. Nxb5 Nd3 25. Qf1 Nxc1 26. Rxc1 Rab7 27. Bc3 Rxb5 28. axb5 Qxb5 29. Qxb5 Rxb5 30. Bxg7 Kxg7 31. Rc3 Kf6 32. Kg1 Ke5 33. Rd3 Ra5 34. Kf2 Ra2+ 35. Kf1 h5 36. h4 Kf4 0-1

[Event "GER-ch Youth-U12 2022"]
[Site "Willingen"]
[Date "2022.06.09"]
[Round "7.11"]
[White "Wang, Arthur D"]
[Black "Seth, Aakrit"]
[Result "1/2-1/2"]
[ECO "B34"]
[WhiteElo "2090"]
[BlackElo "1435"]
[Annotator "TA"]
[PlyCount "114"]
[EventDate "2022.06.05"]
[EventType "swiss"]
[EventRounds "9"]
[EventCountry "GER"]
[SourceTitle "playchess.com"]
[Source "ChessBase"]
[SourceQuality "1"]
[TimeControl "40/4500+30:900+30"]

1. e4 c5 2. Nf3 g6 3. d4 cxd4 4. Nxd4 Bg7 5. Be3 Nc6 6. Nc3 Nf6 7. f3 O-O 8. Qd2 d5 9. O-O-O dxe4 10. fxe4 {[%emt 0:00:00] B34: Sicilian: Accelerated Dragon with 5 Nc3: sidelines.} Bg4 (10... Nxd4 $11 11. Qxd4 Qxd4 12. Bxd4 b6) 11. Be2 (11. Nxc6 $14 bxc6 12. Qxd8 Rfxd8 13. Rxd8+ Rxd8 14. Bc4) 11... Bxe2 12. Qxe2 Qc7 {[%emt 0:07:50] [#]} 13. g4 $146 ({Predecessor:} 13. Ndb5 Qe5 14. Bd4 Nxd4 15. Nxd4 a6 16. Rhf1 Rac8 17. g4 b5 18. Nf3 Qf4+ 19. Nd2 Qxg4 20. Qxg4 Nxg4 {0-1 (39) Van den Brink,N (1811)-Monroy Garzon,N (1957) Chess.com INT 2020}) 13... Rfd8 14. h4 {[%emt 0:02:51] [#]} (14. Nxc6 $15 bxc6 15. h3) 14... Nxe4 $1 15. Nxe4 {[%emt 0:06:45] Threatens to win with Nxc6.} Nxd4 16. Bxd4 Bxd4 17. h5 Rac8 18. hxg6 {[%emt 0:01:09] [#]} fxg6 (18... Be3+ $1 $17 19. Kb1 Rxd1+ 20. Rxd1 hxg6 $1) 19. Kb1 Bg7 20. Ng5 ({White should try} 20. c3 $15) 20... Rxd1+ $17 21. Rxd1 Qb6 22. c3 (22. b3 $17) 22... Bxc3 $1 $40 {[%emt 0:06:41][%mdl 128] Black has strong attack.} 23. Rc1 {[%emt 0:00:55] [#]} Rc6 $1 24. Ne4 Bg7 25. Rxc6 Qxc6 {[%emt 0:00:22][%mdl 4096] Endgame KQB-KQN} (25... bxc6 $2 {is the wrong capture.} 26. Nc3 $19) 26. Qd3 h6 27. a3 Qb6 28. Qc2 (28. Qc4+ {was worth a try.} Kh7 29. Qe2) 28... Qg1+ 29. Ka2 Qxg4 30. Qc4+ Kh8 31. Qd3 Qe6+ 32. Ka1 Qb6 33. Qc2 Qxb2+ 34. Qxb2 Bxb2+ 35. Kxb2 {[%emt 0:00:11] KN-KP} h5 36. Kc3 h4 (36... Kg7 $142 37. Kd4 Kh6) 37. Nf2 $2 (37. Kd2 Kg7 38. Ke3) 37... Kg7 38. Kd4 Kf6 {[%emt 0:00:14] aiming for ...Kf5.} 39. Ke4 g5 {[%emt 0:00:45][%cal Bg6g5,Bg5g4,Bg4g3][%mdl 32] Hoping for ...b5.} 40. Ng4+ Ke6 41. Ne5 $2 (41. a4 b6 42. Nf2) 41... b5 42. Nc6 a6 43. Nb8 g4 44. Kf4 g3 45. Kf3 Kf5 $2 (45... Kd5 $19 46. Nxa6 e5 47. Nb4+ Kc4) 46. Nxa6 $11 e5 {[%emt 0:00:15] ( -> ...e4+)} 47. Nc5 {[%emt 0:00:04][%mdl 8192] [#] Against e4+} (47. Nc7 $11) 47... Kf6 $2 ({Better is} 47... e4+ $1 $19 48. Kg2 Kf4 49. Ne6+ Kg4) 48. Ne4+ {[%emt 0:00:28] The position is equal.} Ke6 49. Nc3 Kf5 50. Nxb5 {[%emt 0:01:44] KN-K3P} e4+ 51. Kg2 Kg4 52. Nd4 {[%emt 0:00:59] Intending a4 and mate.} h3+ 53. Kg1 {[%emt 0:00:00] White threatens a4 and mate.} e3 54. a4 {[%emt 0:00:00] Threatening mate with a5.} g2 55. a5 {[%emt 0:00:00] White wants to mate with a6.} Kg3 56. Ne2+ $1 Kf3 57. Nd4+ Kg3 {[%emt 0:00:00] Weighted Error Value: White=0.87/Black=0.48} 1/2-1/2

[Event "GER-ch Youth-U12 2022"]
[Site "Willingen"]
[Date "2022.06.09"]
[Round "7.12"]
[White "Herrmann, Arthur"]
[Black "Pimenov, Danil"]
[Result "1/2-1/2"]
[ECO "B33"]
[WhiteElo "1507"]
[BlackElo "1337"]
[Annotator "NA RC COMBH"]
[PlyCount "56"]
[EventDate "2022.06.05"]
[EventType "swiss"]
[EventRounds "9"]
[EventCountry "GER"]
[SourceTitle "playchess.com"]
[Source "ChessBase"]
[SourceQuality "1"]
[TimeControl "40/4500+30:900+30"]

1. e4 c5 2. Nf3 Nc6 3. d4 cxd4 4. Nxd4 Nf6 5. Nc3 e5 6. Ndb5 d6 7. Bg5 a6 8. Na3 b5 9. Nd5 Be7 10. Bxf6 Bxf6 11. c3 O-O 12. Nc2 g6 13. a4 bxa4 14. Rxa4 Bg7 15. Bc4 Bb7 16. Nce3 Ne7 17. O-O Nxd5 18. Nxd5 Kh8 19. Qe2 f5 20. exf5 gxf5 21. Rd1 e4 22. Qe3 Qe8 23. Rb4 Bxd5 24. Bxd5 Rb8 25. Rxb8 Qxb8 26. b3 Qc7 27. c4 a5 28. Rd2 Qc5 1/2-1/2

[Event "GER-ch Youth-U12 2022"]
[Site "Willingen"]
[Date "2022.06.09"]
[Round "7.13"]
[White "Riechenberg, Sebastian"]
[Black "Burkart, Lloyd Shang"]
[Result "0-1"]
[ECO "B44"]
[WhiteElo "1668"]
[BlackElo "1559"]
[Annotator "NA RC COMBH"]
[PlyCount "52"]
[EventDate "2022.06.05"]
[EventType "swiss"]
[EventRounds "9"]
[EventCountry "GER"]
[SourceTitle "playchess.com"]
[Source "ChessBase"]
[SourceQuality "1"]
[TimeControl "40/4500+30:900+30"]

1. e4 c5 2. Nf3 e6 3. d4 cxd4 4. Nxd4 Nc6 5. Nxc6 bxc6 6. c4 Nf6 7. Nc3 Bb4 8. Bd3 e5 9. O-O O-O 10. Bg5 h6 11. Bh4 d6 12. Rb1 Be6 13. a3 Bxc3 14. bxc3 Rb8 15. Rxb8 Qxb8 16. Bxf6 gxf6 17. f4 Kh7 18. Kh1 Rg8 19. f5 Bc8 20. Qd2 Qb3 21. Be2 Qxa3 22. Bh5 Rg7 23. Bd1 Qc5 24. Rf3 Qxc4 25. Bc2 Ba6 26. Qxd6 Qe2 0-1

[Event "GER-ch Youth-U12 2022"]
[Site "Willingen"]
[Date "2022.06.09"]
[Round "7.14"]
[White "Noennig, Jakob"]
[Black "Mukazhanov, Mansur"]
[Result "0-1"]
[ECO "B35"]
[WhiteElo "1556"]
[BlackElo "1279"]
[Annotator "NA RC COMBH"]
[PlyCount "68"]
[EventDate "2022.06.05"]
[EventType "swiss"]
[EventRounds "9"]
[EventCountry "GER"]
[SourceTitle "playchess.com"]
[Source "ChessBase"]
[SourceQuality "1"]
[TimeControl "40/4500+30:900+30"]

1. e4 c5 2. Nf3 Nc6 3. d4 cxd4 4. Nxd4 g6 5. Nc3 Bg7 6. Be3 Nf6 7. Bc4 d6 8. Bb3 Ng4 9. Nxc6 bxc6 10. Qf3 O-O 11. O-O-O Nxe3 12. Qxe3 c5 13. h4 h5 14. f3 Kh7 15. Kb1 Bh6 16. Qe2 Qd7 17. Na4 Rb8 18. Nxc5 Qc6 19. Nd3 a5 20. g4 Ba6 21. a4 Rb6 22. gxh5 Rfb8 23. hxg6+ fxg6 24. Qg2 d5 25. exd5 Qf6 26. Nc5 Bg7 27. c3 Rxb3 28. Nxb3 Rxb3 29. Rc1 Qf4 30. Qg4 Qd2 31. Rc2 Bd3 32. Rhc1 Qxc3 33. Ka1 Ra3+ 34. Kb1 Qxb2# 0-1

[Event "GER-ch Youth-U12 2022"]
[Site "Willingen"]
[Date "2022.06.09"]
[Round "7.15"]
[White "Kulkovets, Roman"]
[Black "Aweh, Mads"]
[Result "1/2-1/2"]
[ECO "B33"]
[WhiteElo "1099"]
[BlackElo "1438"]
[Annotator "NA RC COMBH"]
[PlyCount "94"]
[EventDate "2022.06.05"]
[EventType "swiss"]
[EventRounds "9"]
[EventCountry "GER"]
[SourceTitle "playchess.com"]
[Source "ChessBase"]
[SourceQuality "1"]
[TimeControl "40/4500+30:900+30"]

1. e4 c5 2. Nf3 Nc6 3. d4 cxd4 4. Nxd4 Nf6 5. Nc3 e5 6. Ndb5 d6 7. Nd5 Nxd5 8. exd5 Ne7 9. c3 Nf5 10. Qa4 Bd7 11. Bd3 Nh4 12. g3 Nf3+ 13. Ke2 a6 14. Kxf3 axb5 15. Qb4 Ra4 16. Qb3 e4+ 17. Bxe4 Qf6+ 18. Bf4 g5 19. Rhe1 Be7 20. Kg2 gxf4 21. Bf3 O-O 22. Re2 fxg3 23. hxg3 Bd8 24. Rh1 Re8 25. Qc2 Qg6 26. Rxe8+ Bxe8 27. Qe2 Bd7 28. b3 Ra8 29. Be4 f5 30. Bd3 Qe8 31. Qxe8+ Bxe8 32. Bxf5 Bg6 33. Bxg6 hxg6 34. Re1 Kf7 35. Re6 Be7 36. Re2 Bf6 37. Re6 Be5 38. f4 Bxc3 39. Rxd6 Rxa2+ 40. Kh3 Rb2 41. Rb6 Rxb3 42. Rxb7+ Kf6 43. Kg4 Be1 44. Rb6+ Kg7 45. Rb7+ Kh6 46. f5 Rxg3+ 47. Kf4 gxf5 1/2-1/2

[Event "GER-ch Youth-U12 2022"]
[Site "Willingen"]
[Date "2022.06.09"]
[Round "7.16"]
[White "Albrecht, Neil"]
[Black "Martin Fernandez, Rafael"]
[Result "1/2-1/2"]
[ECO "B90"]
[WhiteElo "1376"]
[BlackElo "1678"]
[Annotator "NA RC COMBH"]
[PlyCount "108"]
[EventDate "2022.06.05"]
[EventType "swiss"]
[EventRounds "9"]
[EventCountry "GER"]
[SourceTitle "playchess.com"]
[Source "ChessBase"]
[SourceQuality "1"]
[TimeControl "40/4500+30:900+30"]

1. e4 c5 2. Nf3 d6 3. d4 cxd4 4. Nxd4 Nf6 5. Nc3 a6 6. Be2 e5 7. Nb3 Be7 8. Be3 Be6 9. Nd5 Bxd5 10. exd5 Nbd7 11. f3 Rc8 12. c4 O-O 13. Qd2 Ne8 14. O-O f5 15. f4 g6 16. g3 Bf6 17. Rac1 b6 18. Kh1 a5 19. a4 Nc5 20. Nxc5 bxc5 21. fxe5 Bxe5 22. Bf4 Bxf4 23. Rxf4 Nf6 24. g4 Nxg4 25. Bxg4 fxg4 26. Rxg4 Qd7 27. Rcg1 Qf5 28. Qxa5 Qf3+ 29. R4g2 Ra8 30. Qe1 Rfe8 31. Qg3 Qxg3 32. Rxg3 Rxa4 33. b3 Rb4 34. Ra1 Re7 35. Ra6 Rd7 36. Rf3 Kg7 37. Kg2 g5 38. Kg3 Rb8 39. h3 Kg6 40. Kg2 Re8 41. Rb6 h5 42. b4 cxb4 43. Rxb4 Re2+ 44. Rf2 Rxf2+ 45. Kxf2 Kf5 46. Kf3 Rc7 47. Rb6 Ke5 48. Rc6 Ra7 49. c5 Rf7+ 50. Kg3 Kxd5 51. Rxd6+ Kxc5 52. Rh6 Rg7 53. Rxh5 Kd6 54. Kg4 Ke7 1/2-1/2

[Event "GER-ch Youth-U12 2022"]
[Site "Willingen"]
[Date "2022.06.09"]
[Round "7.17"]
[White "Mandalka, Justus"]
[Black "Gavrylyuk, Oleksandr"]
[Result "1-0"]
[ECO "D60"]
[WhiteElo "1402"]
[BlackElo "1272"]
[Annotator "NA RC COMBH"]
[PlyCount "93"]
[EventDate "2022.06.05"]
[EventType "swiss"]
[EventRounds "9"]
[EventCountry "GER"]
[SourceTitle "playchess.com"]
[Source "ChessBase"]
[SourceQuality "1"]
[TimeControl "40/4500+30:900+30"]

1. d4 d5 2. c4 c6 3. Nc3 e6 4. Nf3 Nf6 5. Bg5 Nbd7 6. e3 Be7 7. Bd3 dxc4 8. Bxc4 b5 9. Bd3 a6 10. O-O O-O 11. a4 Bb7 12. axb5 cxb5 13. Qe2 Nb6 14. e4 Rc8 15. Na2 h6 16. Bd2 Nc4 17. Bc3 Re8 18. Nc1 Bf8 19. Nb3 Rc6 20. Bxc4 Rxc4 21. Na5 Rc7 22. Nxb7 Rxb7 23. Rxa6 b4 24. Bd2 g6 25. Rfa1 Bg7 26. Qd3 Qb8 27. Be3 Rc8 28. h3 b3 29. Bd2 Kh7 30. Bc3 Rbc7 31. Ne5 Qb7 32. f3 Bf8 33. R6a4 Kg8 34. g4 Nd7 35. Nxd7 Rxd7 36. Qa6 Qc7 37. e5 Qd8 38. Kg2 Rdc7 39. Qe2 Qd7 40. Ra6 Bb4 41. Bxb4 Rc2 42. Bd2 Qxd4 43. Rd6 Rxd2 44. Qxd2 Qxe5 45. Rd8+ Rxd8 46. Qxd8+ Kg7 47. Qd2 1-0

[Event "GER-ch Youth-U12 2022"]
[Site "Willingen"]
[Date "2022.06.09"]
[Round "7.18"]
[White "Kullmann, Max"]
[Black "Li, Luxuan"]
[Result "1/2-1/2"]
[ECO "D35"]
[WhiteElo "1442"]
[BlackElo "1235"]
[Annotator "NA RC COMBH"]
[PlyCount "86"]
[EventDate "2022.06.05"]
[EventType "swiss"]
[EventRounds "9"]
[EventCountry "GER"]
[SourceTitle "playchess.com"]
[Source "ChessBase"]
[SourceQuality "1"]
[TimeControl "40/4500+30:900+30"]

1. d4 d5 2. c4 e6 3. Nc3 Nf6 4. cxd5 exd5 5. Bg5 Be7 6. e3 Bf5 7. Bxf6 Bxf6 8. Qb3 Be6 9. Qxb7 Nd7 10. Nb5 Rc8 11. Rc1 O-O 12. Nxc7 Nb6 13. Ne2 Qe7 14. Qxa7 Nc4 15. Nb5 Qb4+ 16. Nec3 Qxb2 17. Rd1 Bh4 18. g3 Bg4 19. Bxc4 Rxc4 20. Rd2 Qa1+ 21. Nd1 Bf6 22. O-O Bh3 23. Re1 Qb1 24. Na3 Qf5 25. f3 Rcc8 26. Nf2 Ra8 27. Qc5 Rfc8 28. Qb4 Qd7 29. Nc2 Bf5 30. e4 dxe4 31. fxe4 Bg6 32. Qb3 Bd8 33. Nd3 Ba5 34. Ndb4 Rcb8 35. a3 h6 36. Qc4 Rc8 37. Qb3 Rab8 38. Qd3 Re8 39. Rde2 Rbd8 40. Rd2 Qg4 41. Rde2 h5 42. Re3 Rd7 43. Qe2 Qg5 1/2-1/2

[Event "GER-ch Youth-U12 2022"]
[Site "Willingen"]
[Date "2022.06.09"]
[Round "7.19"]
[White "Herrmann, Jakob"]
[Black "Hellenbroich, Hanno"]
[Result "1-0"]
[ECO "B20"]
[WhiteElo "1737"]
[BlackElo "1274"]
[Annotator "NA RC COMBH"]
[PlyCount "113"]
[EventDate "2022.06.05"]
[EventType "swiss"]
[EventRounds "9"]
[EventCountry "GER"]
[SourceTitle "playchess.com"]
[Source "ChessBase"]
[SourceQuality "1"]
[TimeControl "40/4500+30:900+30"]

1. e4 c5 2. Ne2 Nf6 3. Nbc3 d5 4. exd5 Nxd5 5. g3 Bg4 6. Bg2 Nxc3 7. bxc3 Nc6 8. h3 Be6 9. Ba3 Bd5 10. Nf4 Bxg2 11. Nxg2 Qd5 12. O-O e5 13. Re1 Be7 14. Ne3 Qd7 15. Qg4 O-O-O 16. d3 h5 17. Qxd7+ Rxd7 18. Nc4 f6 19. Rab1 g5 20. Kg2 b6 21. Ne3 g4 22. hxg4 hxg4 23. Nxg4 f5 24. Nxe5 Nxe5 25. Rxe5 f4 26. Rbe1 Kd8 27. d4 Bd6 28. Rd5 fxg3 29. fxg3 Rg8 30. Re3 cxd4 31. cxd4 Bf4 32. Rxd7+ Kxd7 33. Rf3 Bb8 34. Bc1 Rc8 35. c3 Rc4 36. g4 b5 37. Bb2 Ra4 38. a3 Bd6 39. g5 Rc4 40. Rf5 a6 41. Kf2 Ke6 42. Rf6+ Ke7 43. Ke2 Rc8 44. Kf3 a5 45. Ke4 b4 46. axb4 axb4 47. Kd5 bxc3 48. Bxc3 Ba3 49. Ba5 Rg8 50. Bd2 Rd8+ 51. Ke5 Bd6+ 52. Rxd6 Rb8 53. g6 Rb5+ 54. d5 Rb2 55. Bg5+ Kf8 56. Bf6 Re2+ 57. Kd4 1-0

[Event "GER-ch Youth-U12 2022"]
[Site "Willingen"]
[Date "2022.06.09"]
[Round "7.20"]
[White "Agirretxe San Sebastian, Jesus M"]
[Black "Uyar, Levin"]
[Result "0-1"]
[ECO "D43"]
[WhiteElo "2117"]
[BlackElo "1306"]
[Annotator "TA"]
[PlyCount "76"]
[EventDate "2022.06.05"]
[EventType "swiss"]
[EventRounds "9"]
[EventCountry "GER"]
[SourceTitle "playchess.com"]
[Source "ChessBase"]
[SourceQuality "1"]
[TimeControl "40/4500+30:900+30"]

1. d4 Nf6 2. c4 e6 3. Nf3 d5 4. Nc3 c6 5. c5 b6 6. b4 {[%emt 0:00:00] D43: Semi-Slav: 5 Bg5 h6.} a5 7. Na4 (7. Qa4 $15) 7... Nbd7 $19 {[%emt 0:00:00] [#]} 8. Qb3 $146 (8. Qc2 $142) ({Predecessor:} 8. Bg5 axb4 9. Ne5 bxc5 10. Nxd7 Bxd7 11. Nxc5 Bxc5 12. dxc5 Qa5 13. Be3 Ne4 14. Qb3 Nxc5 15. Bxc5 Qxc5 16. e3 Ra3 {0-1 (16) Meffert,P (1914)-Pralle,F (1849) Bad Homburg 2017}) 8... axb4 9. Qxb4 bxc5 10. dxc5 {[%emt 0:05:31] [#]} (10. Nxc5 {only move.} Ne4 11. e3) 10... Qa5 (10... Ne4 $142 11. Bd2 Ndxc5 12. Nxc5 Bxc5) 11. Qxa5 Rxa5 12. Nb6 Bb7 13. Nxd7 Nxd7 14. Bd2 Rxc5 ({Black should play} 14... Ra3 $19 15. e3 Nxc5) 15. Bb4 $2 {[%emt 0:00:54] This move loses the game for White.} ({Better is} 15. a4 $15) 15... Rb5 16. Bxf8 Rxf8 ({Inferior is} 16... Nxf8 17. e4 Rb4 18. exd5 $17) 17. e4 Ra5 ({Not} 17... dxe4 18. Bxb5 exf3 19. Bf1 $11) 18. exd5 cxd5 ({Worse is} 18... Rxd5 19. a4 $17) 19. Be2 Ke7 20. Rb1 Rb8 21. Rb2 Ba6 22. Rxb8 Nxb8 23. Bxa6 Rxa6 {[%emt 0:00:32][%mdl 4096] Endgame KRN-KRN} 24. O-O Rxa2 25. g3 f6 26. Nd4 Rd2 27. Nf3 Rd3 28. Kg2 Nc6 29. Rb1 f5 30. h4 h6 31. Rb6 $2 (31. Rc1 Nd4 32. Ne5) 31... Rc3 32. Rb7+ Kf6 33. Rc7 Rc4 {[%emt 0:01:12] Prevents Nd4.} 34. Nd2 Rc2 35. Nb3 {[%emt 0:00:09] [#]} Nd4 $1 36. Nc5 Rc4 37. Nd7+ Ke7 38. Nb6+ $2 (38. Ra7 $19 Kd6 39. Nf8) 38... Rxc7 {[%emt 0:00:09] Weighted Error Value: White=0.66/Black=0.29 (precise)} 0-1

[Event "GER-ch Youth-U12 2022"]
[Site "Willingen"]
[Date "2022.06.09"]
[Round "7.21"]
[White "Limmer, Marco"]
[Black "Goldkuhle, Collin"]
[Result "1/2-1/2"]
[ECO "B36"]
[WhiteElo "1825"]
[BlackElo "1323"]
[Annotator "NA RC COMBH"]
[PlyCount "46"]
[EventDate "2022.06.05"]
[EventType "swiss"]
[EventRounds "9"]
[EventCountry "GER"]
[SourceTitle "playchess.com"]
[Source "ChessBase"]
[SourceQuality "1"]
[TimeControl "40/4500+30:900+30"]

1. e4 c5 2. Nf3 Nc6 3. d4 cxd4 4. Nxd4 g6 5. c4 Nf6 6. Nc3 Nxd4 7. Qxd4 d6 8. Be3 Bg7 9. Be2 O-O 10. Qd2 a5 11. O-O a4 12. Rab1 Qa5 13. f3 Be6 14. b3 axb3 15. Rxb3 Nd7 16. Nd5 Bxd5 17. Qxa5 Rxa5 18. cxd5 Rxa2 19. Bc4 Ne5 20. Rc1 Rc8 21. Rxb7 Ra4 22. Bf1 Rxc1 23. Bxc1 Bf6 1/2-1/2

[Event "GER-ch Youth-U12 2022"]
[Site "Willingen"]
[Date "2022.06.09"]
[Round "7.22"]
[White "Mohammadzadeh, Daris"]
[Black "Wylie, Leonard"]
[Result "0-1"]
[ECO "C09"]
[WhiteElo "1371"]
[BlackElo "1733"]
[Annotator "NA RC COMBH"]
[PlyCount "120"]
[EventDate "2022.06.05"]
[EventType "swiss"]
[EventRounds "9"]
[EventCountry "GER"]
[SourceTitle "playchess.com"]
[Source "ChessBase"]
[SourceQuality "1"]
[TimeControl "40/4500+30:900+30"]

1. e4 e6 2. d4 d5 3. Nd2 c5 4. exd5 exd5 5. Ngf3 Nc6 6. Bb5 Bd7 7. O-O cxd4 8. Nb3 a6 9. Re1+ Be7 10. Bf1 Nf6 11. Nbxd4 O-O 12. g3 Ne4 13. Be3 Bf6 14. c3 Bg4 15. Bg2 Re8 16. Nxc6 bxc6 17. Qc1 Rc8 18. Bf4 Qb6 19. Rf1 c5 20. h3 Bf5 21. Nd2 Nxd2 22. Bxd2 d4 23. Re1 Rxe1+ 24. Bxe1 c4 25. Qf4 Bg6 26. cxd4 Qxb2 27. Rc1 Qxd4 28. Qxd4 Bxd4 29. Bc3 Bxc3 30. Rxc3 Bd3 31. Bb7 Rc7 32. Bxa6 Kf8 33. Kg2 Ke7 34. Kf3 Kd6 35. a3 Kc5 36. Ke3 Kb6 37. Bxc4 Bxc4 38. f4 Be6 39. Rxc7 Kxc7 40. g4 g6 41. Kf3 h5 42. Kg3 hxg4 43. hxg4 Kb6 44. Kh4 f6 45. g5 f5 46. Kg3 Ka5 47. Kf3 Ka4 48. Ke3 Kxa3 49. Kd4 Bb3 50. Ke5 Bd1 51. Kf6 Bh5 52. Ke5 Kb3 53. Kd5 Kc3 54. Kc5 Kd3 55. Kd5 Ke3 56. Ke5 Kf3 57. Kd4 Kxf4 58. Kd3 Kxg5 59. Ke3 f4+ 60. Kf2 Kg4 0-1

[Event "GER-ch Youth-U12 2022"]
[Site "Willingen"]
[Date "2022.06.09"]
[Round "7.23"]
[White "Büchel, David"]
[Black "Prashanthakumar, Arju"]
[Result "1/2-1/2"]
[ECO "C01"]
[WhiteElo "1527"]
[BlackElo "1265"]
[Annotator "NA RC COMBH"]
[PlyCount "42"]
[EventDate "2022.06.05"]
[EventType "swiss"]
[EventRounds "9"]
[EventCountry "GER"]
[SourceTitle "playchess.com"]
[Source "ChessBase"]
[SourceQuality "1"]
[TimeControl "40/4500+30:900+30"]

1. e4 e6 2. d4 d5 3. Nc3 Nf6 4. exd5 exd5 5. Be2 Bd6 6. Nf3 O-O 7. O-O Bf5 8. Bg5 c6 9. Ne5 Re8 10. f4 Nbd7 11. Bd3 Bxd3 12. Qxd3 Qb6 13. Ne2 Bxe5 14. fxe5 Rxe5 15. Bd2 Re7 16. b3 Rae8 17. Ng3 Ne4 18. Nf5 Re6 19. Bf4 Qb4 20. Rf3 a5 21. a3 Qb6 1/2-1/2

[Event "GER-ch Youth-U12 2022"]
[Site "Willingen"]
[Date "2022.06.09"]
[Round "7.24"]
[White "Gulamzada, Elmir"]
[Black "Pham, Jacky"]
[Result "0-1"]
[ECO "C01"]
[WhiteElo "1539"]
[BlackElo "1189"]
[Annotator "NA RC COMBH"]
[PlyCount "112"]
[EventDate "2022.06.05"]
[EventType "swiss"]
[EventRounds "9"]
[EventCountry "GER"]
[SourceTitle "playchess.com"]
[Source "ChessBase"]
[SourceQuality "1"]
[TimeControl "40/4500+30:900+30"]

1. e4 e6 2. d4 d5 3. Bd3 Nf6 4. e5 Nfd7 5. c3 c5 6. Nf3 Be7 7. O-O Nc6 8. Re1 h6 9. a3 O-O 10. Bc2 a5 11. Qd3 f5 12. exf6 Nxf6 13. Qg6 Qe8 14. Nh4 Bd6 15. dxc5 Bxc5 16. Be3 Bxe3 17. Rxe3 Qxg6 18. Nxg6 Rf7 19. h3 Bd7 20. Ba4 Re8 21. Nd2 Kh7 22. Bc2 Kg8 23. Rae1 d4 24. R3e2 dxc3 25. bxc3 Nd5 26. Ne5 Nxe5 27. Rxe5 Ref8 28. Nf3 Nf4 29. Kh2 b6 30. Be4 Rf6 31. g3 Nd5 32. Bxd5 exd5 33. Nh4 Rxf2+ 34. Ng2 Rd2 35. R1e2 Rxe2 36. Rxe2 Rf3 37. Rc2 Bf5 38. Nh4 Bxc2 39. Nxf3 Kf7 40. Kg1 Be4 41. Nd4 Ke7 42. Kf2 Kd6 43. Ke3 g5 44. a4 Kc5 45. g4 Bg2 46. Nf5 Bxh3 47. Nxh6 b5 48. axb5 Kxb5 49. Kd4 a4 50. c4+ dxc4 51. Kc3 a3 52. Nf7 Bxg4 53. Nxg5 Bd1 54. Ne4 Bb3 55. Nd2 a2 56. Kb2 c3+ 0-1

[Event "GER-ch Youth-U12 2022"]
[Site "Willingen"]
[Date "2022.06.09"]
[Round "7.25"]
[White "Fettig, Michel"]
[Black "Nguyen, Bach Khoi"]
[Result "0-1"]
[ECO "C54"]
[WhiteElo "1407"]
[BlackElo "1261"]
[Annotator "NA RC COMBH"]
[PlyCount "62"]
[EventDate "2022.06.05"]
[EventType "swiss"]
[EventRounds "9"]
[EventCountry "GER"]
[SourceTitle "playchess.com"]
[Source "ChessBase"]
[SourceQuality "1"]
[TimeControl "40/4500+30:900+30"]

1. e4 e5 2. Nf3 Nc6 3. Bc4 Bc5 4. c3 Nf6 5. d4 exd4 6. b4 Bb6 7. e5 d5 8. exf6 dxc4 9. Qe2+ Be6 10. b5 d3 11. Qe4 Na5 12. fxg7 Rg8 13. Bg5 Qd5 14. Qxh7 Kd7 15. O-O Rae8 16. Nbd2 Kc8 17. Rfe1 Qxb5 18. Ne5 Nc6 19. Nxc6 Qxg5 20. Ne4 Qxg7 21. Qxg7 Rxg7 22. Nf6 Rh8 23. Nd4 Bxd4 24. cxd4 Rd8 25. Re4 Rg6 26. d5 Bh3 27. Rf4 Bxg2 28. Ng4 Bxd5 29. Kf1 Be6 30. f3 c3 31. Ne3 c2 0-1

[Event "GER-ch Youth-U12 2022"]
[Site "Willingen"]
[Date "2022.06.09"]
[Round "7.26"]
[White "Radeke, Timothy"]
[Black "Steven, Matthias"]
[Result "1-0"]
[ECO "B33"]
[WhiteElo "1129"]
[BlackElo "1376"]
[Annotator "NA RC COMBH"]
[PlyCount "53"]
[EventDate "2022.06.05"]
[EventType "swiss"]
[EventRounds "9"]
[EventCountry "GER"]
[SourceTitle "playchess.com"]
[Source "ChessBase"]
[SourceQuality "1"]
[TimeControl "40/4500+30:900+30"]

1. e4 c5 2. Nf3 Nc6 3. d4 cxd4 4. Nxd4 Nf6 5. Nxc6 bxc6 6. Qd4 d6 7. Nc3 c5 8. Bb5+ Bd7 9. Qa4 a6 10. Bxd7+ Qxd7 11. Qxd7+ Nxd7 12. Bf4 g6 13. O-O-O Bg7 14. Nd5 Ra7 15. c3 Nf6 16. Rhe1 Nh5 17. Be3 Rb7 18. g4 Nf6 19. f3 O-O 20. Bf4 Rfb8 21. Re2 a5 22. e5 Ne8 23. exd6 exd6 24. Rde1 Kf8 25. Rxe8+ Rxe8 26. Bxd6+ Rbe7 27. Nxe7 1-0